 Dungeon Crawl Stone Soup version 0.28.0-45-g0d030f2227 (webtiles) character file.

Game seed: 7105440504555335472

115 H0rd4k the Magician (level 4, -2/24 HPs)
             Began as a Deep Elf Hedge Wizard on Apr 19, 2022.
             Was an Initiate of Gozag.
             Slain by an adder (4 damage)
             ... on level 5 of the Dungeon.
             The game lasted 00:03:06 (2948 turns).

H0rd4k the Magician (Deep Elf Hedge Wizard)         Turns: 2948, Time: 00:03:07

Health: -2/24      AC:  3    Str:  7    XL:     4   Next: 68%
Magic:  3/14       EV: 12    Int: 21    God:    Gozag
Gold:   64         SH:  0    Dex: 14    Spells: 6/15 levels left

rFire   + . .      SeeInvis .   f - staff of fire
rCold   . . .      Faith    .   (no shield)
rNeg    . . .      Spirit   .   b - +0 robe
rPois   .          Reflect  .   c - +0 hat
rElec   .          Harm     .   (no cloak)
rCorr   .          Rampage  .   (no gloves)
Will    .....                   a - +0 pair of boots
Stlth   ++........              (no amulet)
HPRegen 0.08/turn               (no ring)
MPRegen 0.14/turn               (no ring)

@: on blink cooldown, very slightly contaminated, invisible
A: no striking features
a: Renounce Religion, Potion Petition, Call Merchant, Bribe Branch


You were on level 5 of the Dungeon.
You worshipped Gozag.
Gozag was noncommittal.
You visited 2 branches of the dungeon, and saw 6 of its levels.

You collected 127 gold pieces.
You paid 63 gold pieces to Gozag.

Inventory:

Hand Weapons
 d - a +2 dagger of venom
Armour
 a - a +0 pair of boots (worn)
 b - a +0 robe (worn)
 c - a +0 hat (worn)
Magical Staves
 f - a staff of fire (weapon)
Scrolls
 g - 3 scrolls of fog {unknown}
 h - a scroll of teleportation {unknown}
 j - 3 scrolls of identify {unknown}
 k - a scroll of enchant armour {unknown}
Potions
 i - a potion of resistance {unknown}


   Skills:
 + Level 2.8 Dodging
 - Level 2.4 Stealth
 + Level 6.2 Spellcasting
 + Level 2.4 Conjurations
 + Level 1.1 Summonings
 + Level 1.1 Translocations
 * Level 0.6 Fire Magic
 * Level 1.0 Air Magic
 * Level 0.5 Poison Magic


You had 6 spell levels left.
You knew the following spells:

 Your Spells              Type           Power      Damage    Failure   Level
a - Magic Dart            Conj           64%        1d6       3%          1
b - Blink                 Tloc           22%        N/A       9%          2
c - Conjure Flame         Conj/Fire      19%        6-21      16%         3
d - Mephitic Cloud        Conj/Pois/Air  12%        N/A       16%         3

Your spell library contained the following spells:

 Spells                   Type           Power      Damage    Failure   Level
 Searing Ray              Conj           32%        2d5       5%          2
 Call Imp                 Summ           11%        N/A       9%          2
 Sandblast                Erth           12%        2d6       10%         1
 Slow                     Hex            24%        N/A       10%         1
 Ensorcelled Hibernation  Hex/Ice        12%        N/A       14%         2
 Passwall                 Tmut/Erth      5%         N/A       14%         2
 Stone Arrow              Conj/Erth      22%        3d8       17%         3
 Spider Form              Tmut/Pois      7%         N/A       26%         3
 Fulminant Prism          Conj/Hex       5%         3d7       50%         4
 Anguish                  Hex/Necr       3%         N/A       67%         4
 Malign Gateway           Summ/Tloc      5%         N/A       100%        7
 Summon Horrible Things   Summ           5%         N/A       100%        8


Dungeon Overview and Level Annotations

Branches:
Dungeon (6/15)             Temple (1/1) D:5

Altars:
Cheibriados
Dithmenos
Elyvilon
Fedhas
Gozag
Makhleb
Qazlal
Ru
Sif Muna
Trog
Wu Jian
Xom
Yredelemnul
Zin


Message History

The magic dart hits the howler monkey skeleton.
The howler monkey skeleton is almost destroyed.
The howler monkey skeleton hits you.
* * * LOW HITPOINT WARNING * * *
Casting: Magic Dart (safe; 3% risk of failure)
Confirm with . or Enter, or press ? or * to list all spells.
Aiming: Magic Dart (safe; 3% risk of failure)
Press: ? - help, Shift-Dir - straight line, f/p - howler monkey skeleton
Aim: a howler monkey skeleton (almost destroyed, 100% to hit)
The magic dart hits the howler monkey skeleton.
You destroy the howler monkey skeleton!
A wyvern zombie comes into view.
You aren't carrying any items that you can evoke.
Unknown command.
Unknown command.
You climb upwards.
The adder hisses angrily.
The adder barely misses you.
An iguana comes into view.
The orc misses you.
There is a stone staircase leading down here.
Casting: Magic Dart (safe; 3% risk of failure)
Confirm with . or Enter, or press ? or * to list all spells.
You miscast Blink.
You are very lightly contaminated with residual magic.
Nothing appears to happen.
The iguana hisses angrily.
The adder bites you.
* * * LOW HITPOINT WARNING * * *
The orc barely misses you. The orc closely misses you.
Casting: Blink (safe; 9% risk of failure)
Confirm with . or Enter, or press ? or * to list all spells.
You blink.
The adder barely misses you. The orc hits you with a +0 short sword.
* * * LOW HITPOINT WARNING * * *
The adder closely misses you.
It was a potion of invisibility.
You fade into invisibility!
The adder bites you.
You die...
Your body crumbles into a pile of gold.

###..### #......###
. #......#.
...#.......
....#......###
...(......[..
..$.#......#
.......l.@.#
.......ooSo#
...........#
..(....o>..#####.#
#..[...Z####.....#
....##...###.....#
.... #Z...##.....#
#. .#.##.#.o##.....#
#..##.##.##o##.....#


You could see an iguana, an adder, 4 orcs, a centaur zombie and a centaur
skeleton.

Vanquished Creatures
  4 adders
  3 gnolls (D:2)
  A howler monkey skeleton (D:6)
  An orc (D:6)
  7 endoplasms
  7 goblins
  3 hobgoblins (D:2)
  2 ball pythons (D:2)
  4 bats
  2 frilled lizards (D:2)
  7 kobolds
  A rat (D:2)
42 creatures vanquished.

Notes
Turn   | Place    | Note
-------+----------+-------------------------------------------
     0 | D:1      | H0rd4k the Deep Elf Hedge Wizard began the quest for the
                  | Orb.
     0 | D:1      | Reached XP level 1. HP: 10/10 MP: 7/7
   385 | D:1      | Reached XP level 2. HP: 15/15 MP: 4/9
   509 | D:1      | Reached skill level 5 in Spellcasting
  1110 | D:2      | Found a shadowy altar of Dithmenos.
  1115 | D:2      | Reached XP level 3. HP: 19/19 MP: 9/12
  1119 | D:2      | Learned a level 2 spell: Blink
  1123 | D:2      | Learned a level 3 spell: Conjure Flame
  1127 | D:2      | Learned a level 3 spell: Mephitic Cloud
  1378 | D:2      | Identified the +1 short sword of Oozing Pus {spect, rC++
                  | Str-2 Int+6}
  1851 | D:2      | Reached skill level 6 in Spellcasting
  1950 | D:2      | Found a faded altar of an unknown god.
  2023 | D:3      | Reached XP level 4. HP: 24/24 MP: 9/14
  2372 | D:3      | Found a sacrificial altar of Ru.
  2513 | D:3      | You fall into a shaft and drop 2 floors!
  2513 | D:5      | Entered Level 5 of the Dungeon
  2513 | D:5      | Found a staircase to the Ecumenical Temple.
  2520 | D:5      | Reached skill level 1 in Air Magic
  2528 | Temple   | Entered the Ecumenical Temple
  2854 | Temple   | Became a worshipper of Gozag Ym Sagoz the Greedy
  2946 | D:5      | HP: 1/24 [orc/+0 short sword (3)]
  2948 | D:5      | Slain by an adder

Illustrated notes

Levels and vault maps discovered:
D:1:      dpeg_arrival_short_road, layout_rooms
D:2:      layout_loops_ring, dilly_ecumenical_altar_fadedgnrine, basic_altar
D:3:      layout_loops_ring, mainiacjoe_overflow_concentric_impassable,
          chequers_temple_overflow_minitemple
D:5:      layout_rooms, worldfamousw_hep_ancestral_shrine,
          minmay_temple_entry_large_hall
D:6:      layout_basic, minmay_alternating_orb, uniq_grinder,
          uniq_prince_ribbit1, uniq_sigmund, uniq_maggie,
          uniq_crazy_yiuf_cottage
Temple:   oiseaux_autumnal_temple

Skill      XL: |  1  2  3  4 |
---------------+-------------+-----
Spellcasting   | 5 6 |  6.2
Conjurations   | 2 |  2.4
Air Magic      | 1 |  1.0
Dodging        | |  2.8
Stealth        | |  2.4
Summonings     | |  1.1
Translocations | |  1.1
Fire Magic     | |  0.6
Poison Magic   | |  0.5

Action                   |  1- 3 |  4- 6 || total
-------------------------+-------+-------++-------
 Cast: Magic Dart        |    92 |    31 ||   123
       Conjure Flame     |     1 |       ||     1
       Blink             |       |     1 ||     1
  Use: Potion            |       |     1 ||     1
Armor: Robe              |     5 |     8 ||    13
Dodge: Dodged            |    14 |    16 ||    30
